 Dungeon Crawl Stone Soup version 0.7.1-15-g73f6e1f character file.

1453178 rob the Necromancer (level 23, 158/160 HPs)
             Began as a Demonspawn Wanderer on Aug 3, 2010.
             Was a High Priest of Kikubaaqudgha.
             Escaped with the Orb
             ... and 3 runes (of 3 types) on Aug 4, 2010!
             The game lasted 06:47:30 (81658 turns).

rob the Necromancer (Demonspawn Wanderer)          Turns: 81658, Time: 06:47:31

HP 158/160       AC 29     Str 16 Exp: 23/906595 (1), need: 11004
MP  37/37        EV 17     Int 24 (25) God: Kikubaaqudgha [*****.]
Gold 2512        SH  0     Dex 17      Spells: 12 memorised,  2 levels left

Res.Fire  : + + +   See Invis. : +   a - +6,+9 lajatang (pain)
Res.Cold  : + + +   Warding    : .   n - +1 ice dragon armour "Hofum" {Str+2 Int+4}
Life Prot.: . . .   Conserve   : +   (no shield)
Res.Poison: +       Res.Corr.  : +   (helmet restricted)
Res.Elec. : +       Clarity    : .   t - +2 cloak {rCorr, Cons} Spirit.Shd: . Stasis : .
                                     W - +0 pair of gloves of the Kangaroo {rF+ Dex
Sust.Abil.: . .     Rnd.Telep. : .   C - +2 pair of boots {Lev}
Res.Mut.  : .       Ctrl.Telep.: .   R - amulet "Larhauk" {Inacc rElec MR Dex+2 Int Res.Rott. : . Levitation : + b - ring "Veesaef" {+Rage rF++ rC+ AC+4} Saprovore : . . . Ctrl.Flight: . A - ring "Fohuotup" {rPois Int+1 Dam+3}

@: levitating, extraordinarily resistant to hostile enchantments, extremely
stealthy
A: antennae 3, deterioration 1, fast metabolism 1, magic resistance 1, mutation
resistance 1, powered by death 3, screaming 1, spiny 3, spit poison 2, AC +3, EV
-1, Str -1, Dex -1
a: Spit Poison, Receive Corpses, Renounce Religion, Evoke Berserk Rage, Stop
Levitating


You escaped.
You worshipped Kikubaaqudgha.
Kikubaaqudgha was extremely pleased with you.
You were not hungry.

You visited 9 branches of the dungeon, and saw 69 of its levels.
You visited the Abyss 2 times.
You visited 1 Labyrinth.
You visited 1 bazaar.
You visited 1 portal chamber: bailey.

You collected 7249 gold pieces.
You spent 4787 gold pieces at shops.

Inventory:

Hand weapons
 a - a +6,+9 lajatang of pain (weapon)
 v - the +7,+1 spear "Kinoson" (quivered) {venom, rElec rC++ SInv}
   (You found it on level 15 of the Dungeon)

   It poisons the flesh of those it strikes.
   It greatly protects you from cold.
   It insulates you from electricity.
   It enhances your eyesight.
 K - a +1 blowgun
Missiles
 T - 4 curare-tipped +0 orcish needles
Armour
 n - the +1 ice dragon armour "Hofum" (worn) {Str+2 Int+4}
   (You bought it in a shop on level 20 of the Dungeon)

   It affects your strength (+2).
   It affects your intelligence (+4).
 t - a +2 cloak of preservation (worn)
 C - a +2 pair of boots of levitation (worn)
 F - the +3 hat of Pondering {ponderous, MR Int+5 MP+10}
   (You took it off Gastronok on level 4 of the Lair of Beasts)

   It affects your intelligence (+5).
   It increases your resistance to enchantments.
   It affects your mana capacity (+10).
   The favorite hat of the slug wizard Gastronok, stained with reddish slime and
   enchanted to aid in his arcane pondering.
   It has been specially enchanted to protect against the effects of salt,
   though you probably don't care.
 W - the +0 pair of gloves of the Kangaroo (worn) {rF+ Dex-1 Stlth++}
   (You bought it in a shop on level 20 of the Dungeon)

   It affects your dexterity (-1).
   It protects you from fire.
   It makes you much more stealthy.
 Y - the +2 robe of the Pleiades {+Inv rC++}
   (You found it on level 2 of the Snake Pit)

   It greatly protects you from cold.
   It lets you turn invisible.
Magical devices
 y - a wand of hasting (5)
 z - a wand of disintegration (10)
 E - a wand of fire (10)
 H - a wand of draining (6)
 X - a wand of fire (3)
 Z - a wand of digging (4)
Comestibles
 d - 16 grapes
 q - a royal jelly
 x - 2 chokos
 I - a cheese
 J - 24 honeycombs
Scrolls
 e - a scroll of detect curse
 f - a scroll of teleportation
 k - a scroll of blinking
 s - a scroll of identify
 L - a scroll of fog
 P - a scroll of magic mapping
Jewellery
 b - the ring "Veesaef" (right hand) {+Rage rF++ rC+ AC+4}
   (You found it on level 3 of the Tomb of the Ancients)

   [ring of protection from cold]

   It affects your AC (+4).
   It greatly protects you from fire.
   It lets you go berserk.
 g - the ring of Nucw {Str+5 Int+3 SInv}
   (You found it on level 20 of the Dungeon)

   [ring of see invisible]

   It affects your strength (+5).
   It affects your intelligence (+3).
 h - an uncursed amulet of resist mutation
 i - the amulet "Thuocil" {Stasis EV+6 Int+3}
   (You found it on level 20 of the Dungeon)

   [amulet of stasis]

   It affects your evasion (+6).
   It affects your intelligence (+3).
 j - the ring of Pnobuph {Int+2 MP+9}
   (You bought it in a shop on level 22 of the Dungeon)

   [ring of magical power]

   It affects your intelligence (+2).
 w - a +0,+5 ring of slaying
 A - the ring "Fohuotup" (left hand) {rPois Int+1 Dam+3}
   (You found it on level 3 of the Tomb of the Ancients)

   [ring of poison resistance]

   It affects your intelligence (+1).
   It affects your damage-dealing abilities (+3).
 B - the amulet of Cekugob {Ward -TELE Hunger rElec rPois rN+ AC+1 EV+1}
   (You found it in a Labyrinth)

   [amulet of warding]

   It affects your AC (+1).
   It affects your evasion (+1).
   It insulates you from electricity.
   It protects you from poison.
   It protects you from negative energy.
   It prevents most forms of teleportation.
   It speeds your metabolism.
 D - the ring of Fieq {SustAb rC+}
   (You found it in the Abyss)

   [ring of sustain abilities]

   It protects you from cold.
 O - an uncursed amulet of controlled flight
 Q - an uncursed ring of teleportation
 R - the amulet "Larhauk" (around neck) {Inacc rElec MR Dex+2 Int+3 Stlth++}
   (You bought it in a shop on level 20 of the Dungeon)

   [amulet of inaccuracy]

   It affects your intelligence (+3).
   It affects your dexterity (+2).
   It insulates you from electricity.
   It increases your resistance to enchantments.
   It makes you much more stealthy.
 U - an uncursed ring of protection from magic
Potions
 l - 2 potions of brilliance
 o - 7 potions of heal wounds
 p - 6 potions of healing
 G - 2 potions of resistance
 N - 2 potions of speed
 V - 5 potions of might
Books
 u - a book of Wizardry

   Spells                             Type                      Level
   Selective Amnesia                  Enchantment                  4
   Summon Elemental                   Summoning                    4
   Teleport Self                      Translocation                5
   Fireball                           Conjuration/Fire             6
   *Haste                             Enchantment                  6
Orbs of Power
 c - the Orb of Zot
Miscellaneous
 m - a barnacled rune of Zot
 r - a serpentine rune of Zot
 M - a golden rune of Zot
 S - a lantern of shadows You had 1 experience left.


   Skills:
 + Level 14 Fighting
 - Level 16 Staves
 - Level 7 Slings
 - Level 3 Throwing
 + Level 10 Armour
 + Level 15 Dodging
 + Level 9 Stealth
 - Level 5 Stabbing
 + Level 3 Traps & Doors
 + Level 2 Unarmed Combat
 + Level 10 Spellcasting
 + Level 12 Enchantments
 + Level 20 Necromancy
 + Level 2 Translocations
 + Level 4 Invocations
 + Level 4 Evocations


You had 2 spell levels left.
You knew the following spells:

 Your Spells              Type           Power        Success   Level
a - Apportation Tloc      ####......     Very         Good        1
b - Blink Tloc            N/A            Very         Good        2
c - Agony                 Necr           ########.    Excellent   5
d - Vampiric Draining     Necr           ########..   Perfect     3
e - Borgnjor's Revivific  Necr           ########..   Excellent   5
f - Animate Dead          Necr           N/A          Excellent   4
g - Control Teleport Ench/Tloc ######....     Very         Good        4
h - Haste                 Ench           #######..    Good        6
i - Sandblast             Erth/Trmt      ###....      Good        1
s - Sublimation of Blood  Necr           ########..   Perfect     2
u - Dispel Undead         Necr           ########.    Excellent   4
R - Regeneration          Ench/Necr      #######...   Excellent   3

Dungeon Overview and Level Annotations

Branches:
Dungeon (27/27)            Temple (0/1) D:5             Orc (4/4) D:10
    Elf (0/7) Orc:4          Lair (8/8) D:8          Shoals (5/5) Lair:5
  Slime (0/6) Lair:7        Snake (5/5) Lair:6         Hive (0/2) D:16
  Vault (7/8) D:15          Crypt (5/5) Vault:2        Tomb (3/3) Crypt:2
    Zot (5/5) D:27
  Blade: Vault:4-6

Altars:
Elyvilon
Fedhas
Kikubaaqudgha
Makhleb
Okawaru
The Shining One
Trog
Xom
Yredelemnul
Zin

Shops:
D:9: [ D:20: =[ D:22: * D:27: !/ Orc:1: ( Shoals:5: *%(! Vault:1: ? Vault:5: % Vault:6: ?

Portals:
Hell: D:21 D:22 D:23 D:24 D:25 D:26 D:27 Lair:8
Abyss: D:21 D:26
Pan: D:22 D:24 D:26

Annotations
D:2 exclusion: downstairs
D:4 ghost, menkaure
D:12 digging
D:19 rupert, exclusion: upstairs
D:22 jelly pit!, exclusion: 2 downstairs
D:23 mara!
D:24 exclusion: upstairs
D:26 jelly pit
Lair:6 oklob, exclusion: oklob plant
Lair:7 exclusions: 2 downstairs and 3 upstairs
Lair:8 exclusion: oklob plant
Shoals:5 exclusion: 2 oklob plants
Snake:3 exclusion: Roxanne
Crypt:2 azrael


Innate Abilities, Weirdness & Mutations

You have a pair of large antennae on your head (SInv).
You are completely covered in molten scales (AC +3, EV -1, rF+).
You quickly steal the life force of defeated enemies.
You are completely covered in sharp spines.
You can spit moderately strong poison.
You are clumsy (Dex -1).
Your body is slowly deteriorating.
You have a fast metabolism.
You are resistant to magic.
You are somewhat resistant to further mutation.
You occasionally shout uncontrollably.
You are weak (Str -1).


Message History

The tormentor dodges your spines. The tormentor hits you.
There is a stone staircase leading up here.
The tormentor hits you but does no damage.
Helpless, you fail to dodge the tormentor's attack.
The tormentor hits you but does no damage.
Are you sure you want to leave the Dungeon?
You have escaped!

................................
............................###.
###############^###.#######.# #.
###.###.#######.###.
#.....#.....#.......
#.#.#.###.#.#.#####.
#.#.#...#.#...# #. #
#3###.#.##### #^ #@..#.#...# #.
#.#.#.###.### #. #...#...#...#
#. ###.#####.###.# #. #...#
#.....#.# #. #.#####.###.#.# #.
#...#...# #.#.# #.
###.#.#.###.#.# #. #...#.....#.#
#.


You could see a tormentor.

Vanquished Creatures
  An ancient lich (Crypt:5)
  Saint Roka (Shoals:4)
  Boris (D:22)
  A curse toe (Zot:3)
  17 greater mummies
  Margery (D:20)
  Frederick (D:22)
  2 liches (Crypt:5)
  A golden dragon (Zot:3)
  3 Orb Guardians (Zot:5)
  2 curse skulls
  5 storm dragons
  5 sphinxes
  Rupert (D:19)
  2 krakens
  A Daeva (Crypt:3)
  Duane (Vault:4)
  Frances (D:21)
  2 draconian monks (Zot:1)
  2 frost giants
  5 bone dragons
  A quicksilver dragon zombie (Crypt:2)
  A draconian scorcher (Zot:2)
  Gastronok (Lair:4)
  A sphinx zombie (Crypt:4)
  A draconian shifter (Zot:2)
  2 draconian annihilators (Zot:1)
  7 stone giants
  A tentacled monstrosity (Zot:2)
  Wayne (Crypt:4)
  A sphinx skeleton (D:24)
  A draconian caller (Zot:2)
  Jozef (Orc:4)
  A deep elf annihilator (Vault:7)
  A mottled draconian (Zot:2)
  A red draconian (Zot:2)
  3 black draconians
  A purple draconian (Zot:1)
  2 white draconians
  A deep elf death mage (Vault:7)
  A dire elephant (Lair:8)
  15 greater nagas (Snake:5)
  A storm dragon zombie (Vault:6)
  Norbert (Orc:1)
  A minotaur (Lab)
  2 sirens
  2 great orbs of eyes
  2 dragons
  A wizard (Lair:8)
  2 merfolk aquamancers (Shoals:5)
  20 mummy priests
  Josephine (Orc:4)
  A death ooze (D:22)
  A death cob (Zot:1)
  19 yaktaur captains
  Harold (Orc:3)
  2 merfolk javelineers (Shoals:5)
  7 hydras
  Polyphemus (Shoals:4)
  7 ogre magi
  Nessos (Orc:3)
  3 anacondas
  Nergalle (D:18)
  7 death yaks
  2 fire giant zombies
  6 stone giant zombies
  4 very ugly things
  A merfolk impaler (Shoals:4)
  An orc high priest (Orc:4)
  18 centaur warriors
  11 deep trolls
  A fire giant skeleton (Crypt:4)
  An iron golem (D:24)
  An alligator snapping turtle zombie (Crypt:3)
  5 stone giant skeletons
  A sun demon (Lair:8)
  The ghost of Delphic the Infuser, a powerful SpEn of Nemelex Xobeh (Lair:1)
  5 flayed ghosts
  A soul eater (Tomb:1)
  43 skeletal warriors
  4 griffons
  11 hell knights
  3 iron trolls
  5 deep elf knights
  2 shadow wraiths (Tomb:1)
  13 naga warriors
  2 sea snakes
  12 hill giants
  An ice devil (Tomb:2)
  A sea snake zombie (Shoals:4)
  A white draconian zombie (Crypt:3)
  3 ice statues
  3 harpies (Shoals:3)
  10 orc knights
  2 iron troll zombies
  A mottled draconian skeleton (Crypt:4)
  A black draconian skeleton (Crypt:3)
  4 unseen horrors
  Pikel (D:4)
  5 flaming corpses
  A lindwurm (Zot:2)
  A white draconian skeleton (Crypt:5)
  A yellow draconian skeleton (Crypt:1)
  12 guardian serpents (Snake:5)
  2 hydra zombies
  5 orc sorcerers
  A lindwurm (shapeshifter) (D:20)
  Joseph (D:7)
  2 large large abominations (Abyss)
  3 giant amoebae
  A death drake zombie (Crypt:3)
  5 spectral warriors
  A death yak skeleton (Abyss)
  3 red wasps (D:22)
  3 spiny worms
  14 cyclopes
  2 dragon zombies (Crypt:5)
  A wolf spider (D:16)
  24 black mambas
  A death drake skeleton (Crypt:5)
  7 orange demons
  2 reapers
  A trapdoor spider (Vault:5)
  A griffon zombie (D:18)
  10 mimics
  A red wasp zombie (D:14)
  A beast (D:21)
  A dragon skeleton (Orc:4)
  45 yaktaurs
  A slime creature (shapeshifter) (D:18)
  53 slime creatures
  A griffon skeleton (Vault:1)
  7 naga magi
  82 guardian mummies
  A black mamba zombie (Crypt:2)
  A hill giant skeleton (D:13)
  14 hellwings
  8 mermaids
  8 spiny frogs
  A spriggan zombie (Crypt:4)
  A komodo dragon (D:15)
  5 rock trolls
  2 spriggans (shapeshifter) (D:17)
  63 ugly things
  A rock troll zombie (D:19)
  Prince Ribbit (D:5)
  8 snapping turtles
  A queen bee (shapeshifter) (Vault:2)
  A redback (shapeshifter) (D:17)
  A giant snail zombie (Vault:3)
  A queen bee (D:17)
  11 trolls
  3 smoke demons
  2 brown oozes (D:22)
  A komodo dragon (shapeshifter) (D:25)
  27 two-headed ogres
  A rock troll skeleton (D:21)
  A baby alligator skeleton (Tomb:3)
  A redback (D:24)
  2 sixfirhies (Orc:4)
  22 blink frogs
  2 rotting hulks (Crypt:4)
  A dragon simulacrum (D:17)
  A brown ooze (shapeshifter) (D:25)
  21 giant toads
  An elephant zombie (Crypt:4)
  A merfolk zombie (Crypt:4)
  40 yaks
  A vampire (Crypt:4)
  Edmund (D:4)
  A fire elemental (Crypt:2)
  A lindwurm skeleton (Orc:4)
  6 sharks
  5 neqoxecs
  4 deep elf conjurers
  A bear (shapeshifter) (D:16)
  A golden eye (shapeshifter) (Vault:5)
  6 wraiths
  9 ghouls
  4 hungry ghosts
  A steam dragon (D:7)
  The ghost of Tityrus the Sneak, an average DGAs (D:4)
  7 deep elf fighters
  6 giant blowflies
  16 hippogriffs
  2 deep elf summoners (D:20)
  A hog skeleton (Crypt:5)
  A mermaid zombie (Crypt:1)
  A ynoxinul (Abyss)
  2 rock worms
  41 merfolk
  A viper (Snake:4)
  5 war dogs
  A hairy devil (D:21)
  2 soldier ants
  2 fire drake skeletons
  A soldier ant (shapeshifter) (Vault:3)
  14 manticores
  4 fire drakes
  A giant slug zombie (Vault:3)
  A deep troll simulacrum (Vault:7)
  8 hell hounds
  3 yaktaur zombies
  2 cyclops zombies
  4 mottled dragons
  17 necrophages
  2 insubstantial wisps (D:26)
  A giant snail simulacrum (D:19)
  35 orc warriors
  2 cyclops skeletons
  3 yaktaur skeletons
  A hippogriff zombie (D:20)
  A kobold demonologist (D:21)
  4 phantoms
  5 freezing wraiths
  3 slaves (D:4)
  A deep elf priest (D:20)
  2 yellow wasps
  2 grizzly bear zombies
  2 red devils (Lair:8)
  30 ogres
  Menkaure (D:4)
  33 centaurs
  An ettin zombie (D:15)
  17 ice beasts
  7 gila monsters
  A grizzly bear skeleton (Orc:4)
  A rotting devil (Tomb:1)
  3 giant goldfish
  37 nagas
  29 water moccasins
  A boulder beetle zombie (D:17)
  Duvessa (D:4)
  3 lava worms (D:26)
  9 wargs
  8 crocodiles
  A boring beetle zombie (D:19)
  A wolf skeleton (Crypt:1)
  19 big kobolds
  5 deep elf magi
  10 giant slugs
  A wolf (Lair:4)
  2 small abominations
  A warg zombie (Crypt:2)
  6 giant snails
  25 giant frogs
  A soldier ant zombie (D:15)
  A giant frog skeleton (Crypt:4)
  A water moccasin skeleton (Crypt:4)
  56 killer bees
  5 boulder beetles
  6 jellyfish
  9 electric eels
  6 lava fish
  An eye of draining (D:14)
  A brain worm zombie (D:15)
  8 lava snakes (D:27)
  An ogre zombie (D:19)
  8 shadows
  2 giant beetles
  8 wights
  11 imps
  2 big kobold zombies
  18 hounds
  Dowan (D:4)
  2 big kobold skeletons
  A gila monster skeleton (D:9)
  2 hound zombies
  2 mottled dragon skeletons
  A mottled dragon zombie (D:19)
  25 orc priests
  2 quasits
  12 big fish
  An iron imp (D:21)
  10 giant ants
  2 hound skeletons
  A naga zombie (Crypt:5)
  24 orc wizards
  3 scorpions
  3 elves (shapeshifter)
  9 iguanas
  An orange rat (Tomb:1)
  25 sheep
  2 deep elf soldiers
  An orange rat skeleton (Crypt:4)
  A big kobold simulacrum (Vault:3)
  A draconian skeleton (Crypt:2)
  5 jellies
  3 boggarts
  2 giant beetle zombies
  5 mummies
  72 green rats
  6 midges
  2 gnolls
  19 humans
  2 lemures
  53 flying skulls
  A sheep zombie (Tomb:1)
  37 snakes
  A giant mite (D:8)
  An iguana zombie (D:8)
  A shadow imp (Tomb:1)
  4 white imps (Abyss)
  6 giant centipedes
  An iguana skeleton (D:8)
  A sheep skeleton (Crypt:2)
  8 worms
  13 ufetubi
  64 grey rats
  12 giant geckos
  A gnoll zombie (Tomb:2)
  A green rat skeleton (Crypt:3)
  10 giant cockroaches
  21 goblins
  30 hobgoblins
  15 jackals
  61 kobolds
  3 oozes
  202 orcs
  6 small snakes
  2 ant larva zombies
  42 giant bats
  A giant bat simulacrum (Tomb:3)
  A giant cockroach simulacrum (Tomb:1)
  A giant gecko zombie (Crypt:4)
  10 giant newts
  A giant newt skeleton (Crypt:4)
  2 giant spores
  2 grey rat skeletons
  A hobgoblin zombie (Crypt:2)
  A jackal zombie (D:6)
  5 killer bee larvae (D:17)
  A kobold skeleton (D:6)
  An orc skeleton (D:7)
  8 orc zombies
  12 quokkas
  27 rats
  A rat simulacrum (Tomb:2)
  A small snake skeleton (Tomb:1)
  6 ballistomycetes
  2 butterflies
  A fungus (Lair:8)
  A plant (D:8)
  44 toadstools
2547 creatures vanquished.

Vanquished Creatures (collateral kills)
  3 sphinxes (Tomb:1)
  3 mummy priests
  A moth of wrath (Zot:5)
  22 guardian mummies
  A sixfirhy (Tomb:2)
  A vampire (Tomb:1)
  A neqoxec (Tomb:1)
  A ghoul (Tomb:2)
  A necrophage (Tomb:3)
  A redback simulacrum (Tomb:2)
  A bear skeleton (Tomb:1)
  A yak zombie (Tomb:1)
  A giant frog skeleton (Tomb:2)
  A wight (Tomb:2)
  4 shadows
  38 mummies
  7 flying skulls
  A green rat (Tomb:3)
  A lemure (Tomb:1)
  A white imp (Abyss)
  3 ufetubi
  A giant centipede simulacrum (Tomb:2)
  A giant bat (Tomb:3)
96 creatures vanquished.

Vanquished Creatures (others)
  4 sphinx zombies (Tomb:1)
  A titan zombie (Tomb:2)
  2 storm dragon zombies (Zot:1)
  An anaconda zombie (Tomb:1)
  2 fire giant zombies (Tomb:2)
  2 green draconian zombies (Tomb:3)
  A pale draconian zombie (Tomb:2)
  2 white draconian zombies (Zot:1)
  A mottled draconian zombie (Tomb:3)
  A siren zombie (Tomb:1)
  2 harpy zombies
  A red wasp (D:23)
  A dragon zombie (Tomb:3)
  A wolf spider zombie (Tomb:3)
  33 slime creatures
  A spriggan zombie (Tomb:3)
  A hill giant zombie (Tomb:1)
  A yaktaur (D:27)
  A rock troll zombie (Tomb:2)
  A deep troll zombie (Tomb:3)
  A giant snail zombie (Tomb:2)
  2 human zombies (Tomb:3)
  A blink frog (Lair:8)
  3 snapping turtle zombies
  2 lindwurm zombies
  2 deep elf conjurers
  A merfolk zombie (Tomb:2)
  2 fire drake zombies
  2 mermaid zombies
  2 manticore zombies
  A viper (Snake:5)
  A wyvern zombie (Tomb:3)
  A necrophage (Tomb:1)
  A grizzly bear zombie (Tomb:2)
  A troll zombie (Tomb:2)
  A rock worm zombie (Tomb:1)
  A wolf zombie (Tomb:2)
  A gila monster (Lair:1)
  A naga (Snake:5)
  A boring beetle zombie (Tomb:2)
  A centaur zombie (Tomb:3)
  2 soldier ant zombies
  2 giant leech zombies
  A warg skeleton (Tomb:1)
  A killer bee zombie (Tomb:3)
  A gila monster zombie (Tomb:2)
  A brain worm zombie (Tomb:1)
  2 small abominations
  2 shadows
  2 orc priests
  A deep elf soldier (D:23)
  2 orange rat zombies
  An orc wizard (Orc:3)
  A swamp drake zombie (Tomb:1)
  A steam dragon zombie (Tomb:2)
  14 mummies
  An ufetubus (Tomb:1)
  A grey rat (Tomb:1)
  A giant bat zombie (Tomb:3)
  A giant mite zombie (Tomb:2)
  A gnoll zombie (Tomb:1)
  A green rat zombie (Tomb:1)
  2 hobgoblins
  An orc (Orc:3)
  A giant spore (Vault:1)
  A goblin (D:1)
  A grey rat zombie (Tomb:2)
  A human (D:15)
  An orc zombie (Tomb:3)
  A rat (Tomb:1)
  A small snake (D:2)
  2 butterflies (Snake:1)
  6 fungi
  15 plants
  32 tentacles
  289 toadstools
483 creatures vanquished.

Grand Total: 3126 creatures vanquished

Notes
Turn   | Place    | Note
--------------------------------------------------------------
     0 | D:1      | rob, the Demonspawn Wanderer, began the quest for the Orb.
     0 | D:1      | Reached XP level 1. HP: 11/11 MP: 2/2
     2 | D:1      | this will be tricky
   685 | D:1      | Gained mutation: You have a pair of small antennae on your head.
   685 | D:1      | Reached XP level 2. HP: 16/16 MP: 3/3
   841 | D:1      | Reached skill 1 in Slings
  1715 | D:2      | Gained mutation: You are partially covered in colorless scales (AC +1).
  1715 | D:2      | Reached XP level 3. HP: 22/22 MP: 4/5
  2062 | D:2      | Found an ancient bone altar of Kikubaaqudgha.
  2281 | D:3      | Noticed an orc warrior
  2290 | D:2      | Reached XP level 4. HP: 20/27 MP: 6/6
  2352 | D:3      | Reached skill 1 in Dodging
  2517 | D:2      | HP: 1/27 [poisoned by a snake]
  2888 | D:3      | Reached skill 1 in Staves
  3274 | D:4      | Noticed Edmund
  3293 | D:4      | Defeated Edmund
  3293 | D:4      | Reached XP level 5. HP: 16/35 MP: 7/7
  3516 | D:4      | Reached XP level 6. HP: 32/40 MP: 8/9
  3657 | D:4      | Noticed Tityrus' ghost
  3668 | D:4      | Noticed Menkaure
  3926 | D:3      | Defeated an orc warrior
  3975 | D:2      | Became a worshipper of Kikubaaqudgha
  4423 | D:5      | Entered Level 5 of the Dungeon
  4519 | D:5      | Noticed Prince Ribbit
  4530 | D:5      | Defeated Prince Ribbit
  4530 | D:5      | Gained mutation: You are mostly covered in molten scales (AC +2, EV -1).
  4530 | D:5      | Reached XP level 7. HP: 44/46 MP: 10/10
  4616 | D:5      | Found a staircase to the Ecumenical Temple.
  5213 | D:5      | Reached skill 1 in Traps & Doors
  5295 | D:5      | Found a glowing silver altar of Zin.
  5298 | D:5      | Found a white marble altar of Elyvilon.
  5301 | D:5      | Found a glowing golden altar of the Shining One.
  5597 | D:6      | Acquired Kikubaaqudgha's first power
  5597 | D:6      | Received a gift from Kikubaaqudgha
  5655 | D:5      | Learned a level 3 spell: Vampiric Draining
  5769 | D:6      | Noticed a big kobold
  5769 | D:6      | Noticed a big kobold
  5769 | D:6      | Noticed a big kobold
  5769 | D:6      | Noticed a big kobold
  5769 | D:6      | Noticed a big kobold
  5769 | D:6      | Noticed a big kobold
  5769 | D:6      | Noticed a big kobold
  5784 | D:5      | yay
  5955 | D:2      | Learned a level 4 spell: Dispel Undead
  6050 | D:4      | Defeated Tityrus' ghost
  6268 | D:4      | Defeated Menkaure
  6268 | D:4      | Reached skill 5 in Necromancy
  6445 | D:4      | Noticed Duvessa
  6448 | D:4      | Noticed Dowan
  6680 | D:3      | Gained mutation: You can spit poison.
  6680 | D:3      | Reached XP level 8. HP: 43/53 MP: 11/11
  6902 | D:4      | Defeated Duvessa
  7135 | D:4      | Defeated Dowan
  7174 | D:4      | Reached skill 1 in Stealth
  7246 | D:4      | Noticed Pikel
  7893 | D:4      | Defeated Pikel
  7893 | D:4      | Reached skill 6 in Necromancy
  7975 | D:5      | Reached skill 5 in Staves
  7979 | D:5      | Defeated a big kobold
  8117 | D:6      | Noticed a big kobold
  8139 | D:6      | Defeated a big kobold
  8275 | D:6      | Noticed a big kobold
  8276 | D:6      | Noticed a big kobold
  8289 | D:6      | Defeated a big kobold
  8293 | D:6      | Noticed a big kobold
  8316 | D:6      | Defeated a big kobold
  8316 | D:6      | Reached XP level 9. HP: 40/60 MP: 12/13
  8327 | D:6      | Noticed a big kobold
  8328 | D:6      | Noticed a big kobold
  8356 | D:6      | Defeated a big kobold
  8371 | D:6      | Defeated a big kobold
  8415 | D:6      | Defeated a big kobold
  8453 | D:6      | Reached XP level 8. HP: 54/55 MP: 12/13
  8455 | D:6      | Reached XP level 9. HP: 57/60 MP: 13/14
  8484 | D:6      | Noticed a big kobold
  8533 | D:6      | Defeated a big kobold
  8723 | D:7      | Noticed Joseph
  8866 | D:6      | Acquired Kikubaaqudgha's second power
  8990 | D:6      | Defeated a big kobold
  9149 | D:6      | Reached skill 7 in Necromancy
  9156 | D:6      | Reached skill 5 in Dodging
  9170 | D:6      | Defeated a big kobold
  9383 | D:6      | Defeated a big kobold
  9400 | D:6      | Defeated a big kobold
  9418 | D:6      | Defeated a big kobold
  9432 | D:6      | Defeated a big kobold
 10303 | D:7      | A yellow wasp changed into a rock worm
 10304 | D:7      | A rock worm changed into a steam dragon
 10420 | D:7      | Reached skill 5 in Armour
 10839 | D:8      | Found a staircase to the Lair.
 10922 | Lair:1   | Entered Level 1 of the Lair of Beasts
 11148 | Lair:1   | Found a blossoming altar of Fedhas.
 11259 | Lair:1   | Reached skill 8 in Staves
 11265 | Lair:1   | Received a gift from Kikubaaqudgha
 11409 | Lair:1   | Gained mutation: You are partially covered in sharp spines.
 11409 | Lair:1   | Reached XP level 10. HP: 58/68 MP: 7/16
 11591 | Lair:1   | Noticed Delphic's ghost
 12641 | D:8      | Found a glowing silver altar of Zin.
 13010 | D:7      | Defeated Joseph
 13172 | D:8      | Learned a level 3 spell: Regeneration
 13224 | D:9      | Reached skill 5 in Fighting
 13906 | D:9      | Acquired Kikubaaqudgha's third power
 13906 | D:9      | Received a gift from Kikubaaqudgha
 13974 | D:9      | Reached skill 9 in Staves
 14087 | D:9      | Found Esmumy's Antique Armour Shop.
 14091 | D:9      | Bought a pair of runed boots for 42 gold pieces
 14245 | D:10     | Entered Level 10 of the Dungeon
 14319 | D:10     | Got an ancient plate mail
 14345 | D:9      | Identified the +5 plate mail of Greed (You found it on level 10 of the Dungeon)
 14829 | D:10     | Found a staircase to the Orcish Mines.
 14919 | D:10     | Found an iron altar of Okawaru.
 14944 | D:10     | Found a basalt altar of Yredelemnul.
 15074 | D:10     | Learned a level 2 spell: Sublimation of Blood
 15759 | D:11     | Reached skill 1 in Evocations
 15915 | D:11     | Found a bloodstained altar of Trog.
 16361 | D:11     | Acquired Kikubaaqudgha's fourth power
 16428 | D:11     | Reached XP level 11. HP: 62/77 MP: 11/19
 16433 | D:11     | Reached skill 10 in Necromancy
 16732 | D:11     | Reached skill 5 in Slings
 16763 | D:11     | Gained mutation: Your system is resistant to poisons.
 16763 | D:11     | Gained mutation: Your vision is a little blurry.
 16763 | D:11     | Gained mutation: You are completely covered in molten scales (AC +3, EV -1, rF+).
 17391 | Orc:1    | Entered Level 1 of the Orcish Mines
 17436 | Orc:1    | Found Guaget's Weapon Boutique.
 17489 | Orc:1    | Noticed Norbert
 17517 | Orc:1    | Defeated Norbert
 17531 | Orc:1    | Reached skill 10 in Staves
 17551 | Orc:1    | Reached skill 11 in Necromancy
 17777 | Orc:2    | Reached skill 1 in Throwing
 17817 | D:10     | Reached skill 1 in Enchantments
 18174 | Orc:2    | Noticed a cyclops
 18301 | Orc:2    | Defeated a cyclops
 18552 | Orc:3    | Noticed a two-headed ogre
 18553 | Orc:3    | Noticed Nessos
 18562 | Orc:2    | Defeated a two-headed ogre
 20042 | D:12     | Reached skill 12 in Necromancy
 20655 | D:12     | Reached XP level 12. HP: 63/85 MP: 21/21
 22323 | D:13     | Found a flagged portal. 22334
                  | bailey
                  | Entered the bailey 22508
                  | bailey
                  | Reached skill 13 in Necromancy 23237
                  | bailey
                  | Found a roughly hewn altar of Beogh.
 25172 | D:15     | Entered Level 15 of the Dungeon
 25572 | D:15     | You fall through a shaft!
 25982 | D:16     | Found a staircase to the Hive.
 25994 | D:15     | Found a staircase to the Vaults.
 26045 | D:15     | Got a pitted spear
 26201 | D:15     | Reached XP level 13. HP: 87/93 MP: 22/22
 26268 | D:13     | Gained mutation: You are completely covered in molten scales (AC +3, EV -1, rF+).
 26268 | D:13     | Reached XP level 14. HP: 98/98 MP: 23/23
 26269 | D:13     | Gained mutation: You slowly steal the life force of defeated enemies.
 26269 | D:13     | Reached XP level 15. HP: 104/104 MP: 24/24
 26976 | D:15     | Reached skill 1 in Stabbing
 27049 | D:15     | Reached skill 5 in Stealth
 27262 | D:14     | Identified the spear "Kinoson" {venom, rElec rC++ SInv} (You found it on level 15 of the Dungeon)
 27263 | D:14     | lair, here I come
 27437 | D:8      | Reached skill 5 in Spellcasting
 27441 | Lair:1   | Defeated Delphic's ghost
 27463 | Lair:1   | Learned a level 5 spell: Borgnjor's Revivification
 27469 | Lair:1   | Learned a level 5 spell: Agony
 28929 | D:2      | Identified a +5,+7 lajatang of pain (a +5,+6 lajatang of electrocution bloodied by Kikubaaqudgha)
 29250 | Lair:2   | oops
 30081 | Lair:3   | Reached skill 14 in Necromancy
 30599 | Lair:3   | Reached skill 10 in Dodging
 30778 | Lair:4   | Noticed Gastronok
 30801 | Lair:4   | Defeated Gastronok
 30803 | Lair:4   | Got a slimy wizard hat
 30806 | Lair:4   | Identified the +3 hat of Pondering (You took it off Gastronok on level 4 of the Lair of Beasts)
 31842 | Lair:6   | Found a staircase to the Snake Pit.
 31852 | Snake:1  | Entered Level 1 of the Snake Pit
 31890 | Snake:1  | ah, stupid
 31892 | Snake:1  | cheating spell
 32260 | Snake:1  | Noticed Snorg
 32464 | Lair:7   | Found a staircase to the Slime Pits.
 32534 | Lair:7   | Gained mutation: You are agile (Dex +1).
 33141 | Lair:8   | Entered Level 8 of the Lair of Beasts
 33158 | Lair:7   | bah
 33567 | Lair:8   | Found an iron altar of Okawaru.
 34407 | Lair:8   | Found a burning altar of Makhleb.
 34573 | Lair:8   | Gained mutation: You have a pair of antennae on your head.
 34573 | Lair:8   | Gained mutation: You are mostly covered in sharp spines.
 34573 | Lair:8   | Reached XP level 16. HP: 66/102 MP: 27/27
 34829 | Lair:8   | Found a gateway to Hell.
 35895 | Lair:5   | Found a staircase to the Shoals.
 36452 | Snake:2  | Got a warped robe
 36463 | Snake:2  | Identified the +2 robe of the Pleiades (You found it on level 2 of the Snake Pit)
 37056 | Snake:3  | Noticed Roxanne
 37554 | Snake:5  | Entered Level 5 of the Snake Pit
 38699 | Snake:5  | nice
 40589 | Snake:5  | Got a serpentine rune of Zot
 40638 | Snake:5  | Reached skill 10 in Fighting
 40879 | Lair:4   | Gained mutation: You have a pair of large antennae on your head (SInv).
 40879 | Lair:4   | Reached XP level 17. HP: 98/113 MP: 26/28
 41193 | D:12     | Got a twisted leather armour
 41200 | D:12     | Identified the +3 leather armour of the Blacksmith (You found it on level 12 of the Dungeon)
 41483 | Shoals:1 | Entered Level 1 of the Shoals
 42208 | Shoals:2 | Found a bloodstained altar of Trog.
 42936 | Shoals:4 | Noticed Saint Roka
 42971 | Shoals:4 | Defeated Saint Roka
 43141 | Shoals:5 | Entered Level 5 of the Shoals
 43145 | Shoals:5 | Noticed Ilsuiw
 43194 | Shoals:4 | Noticed Polyphemus
 43217 | Shoals:4 | Defeated Polyphemus
 43218 | Shoals:4 | Reached skill 5 in Enchantments
 43219 | Shoals:4 | Reached skill 15 in Necromancy
 43577 | Shoals:5 | Learned a level 2 spell: Blink
 43594 | Shoals:5 | Found Oteantep's Food Boutique.
 43601 | Shoals:5 | Found Jufa's General Store.
 43906 | Shoals:5 | Found Rila's Weapon Shoppe.
 43944 | Shoals:5 | hate oklobs
 44373 | Shoals:5 | Found Psahugiq's Distillery.
 44386 | Shoals:5 | Bought a potion of resistance for 98 gold pieces
 44386 | Shoals:5 | Bought a potion of might for 35 gold pieces
 44386 | Shoals:5 | Bought 2 potions of speed for 70 gold pieces
 44386 | Shoals:5 | Bought a potion of heal wounds for 42 gold pieces
 44386 | Shoals:5 | Bought a potion of resistance for 98 gold pieces
 44659 | Shoals:5 | bah
 44664 | Shoals:5 | Noticed Louise
 45216 | Shoals:5 | Got a barnacled rune of Zot
 45230 | Shoals:5 | You are cast into the Abyss!
 45230 | Shoals:5 | Cast into the Abyss (Louise)
 45230 | Abyss    | Entered The Abyss
 45462 | Abyss    | Noticed a mottled draconian
 45467 | Abyss    | Got a fine platinum ring
 45488 | Abyss    | Identified the ring of Fieq (You found it in the Abyss)
 45629 | Abyss    | Noticed a white draconian
 45817 | Abyss    | Noticed a reaper
 45828 | Abyss    | Defeated a reaper
 45921 | Abyss    | Noticed a red ugly thing
 45937 | Abyss    | Noticed a cyan ugly thing
 45938 | Abyss    | Noticed a phantom
 45966 | Abyss    | Gained mutation: You heal slowly.
 45974 | Abyss    | Noticed a pale draconian shifter
 45989 | Abyss    | Gained mutation: You digest meat inefficiently.
 46038 | Abyss    | Noticed an Angel
 46106 | Abyss    | whew
 46269 | Shoals:5 | You pass through the gate.
 48091 | D:17     | Gained mutation: Your muscles are strong (Str +1).
 48216 | D:18     | Reached XP level 18. HP: 92/122 MP: 29/29
 48596 | D:19     | Lost mutation: You heal slowly.
 48596 | D:19     | Lost mutation: Your system is resistant to poisons.
 48596 | D:19     | Lost mutation: Your vision is a little blurry.
 48596 | D:19     | Lost mutation: You are agile (Dex +1).
 48609 | D:18     | Noticed Nergalle
 48617 | D:18     | Defeated Nergalle
 48774 | D:20     | Entered Level 20 of the Dungeon
 48810 | D:20     | Got a steaming robe
 48819 | D:20     | Identified the cursed -1 robe of the Armoured One (You found it on level 20 of the Dungeon)
 48902 | D:19     | Noticed a deep elf conjurer
 48941 | D:19     | Noticed a deep elf mage
 48973 | D:19     | Defeated a deep elf conjurer
 48975 | D:19     | Defeated a deep elf mage
 49067 | D:19     | Noticed Rupert
 49421 | D:19     | Reached skill 15 in Staves
 49565 | D:20     | Noticed a deep elf mage
 49565 | D:20     | Noticed a deep elf conjurer
 49565 | D:20     | Defeated a deep elf mage
 49566 | D:20     | Noticed a deep elf priest
 49567 | D:20     | Noticed a deep elf summoner
 49573 | D:20     | Defeated a deep elf priest
 49580 | D:20     | Defeated a deep elf conjurer
 49590 | D:20     | Defeated a deep elf summoner
 49625 | D:20     | Found Boeffuce's Jewellery Shoppe.
 49629 | D:20     | Noticed a deep elf mage
 49633 | D:20     | Noticed a deep elf summoner
 49647 | D:20     | Defeated a deep elf mage
 49651 | D:20     | Defeated a deep elf summoner
 49705 | D:20     | Got a transparent brass amulet
 49708 | D:20     | Identified the amulet "Thuocil" (You found it on level 20 of the Dungeon)
 49722 | D:20     | Bought a cursed ring of hunger for 1 gold piece
 49722 | D:20     | Bought a cursed -3,-3 ring of slaying for 1 gold piece
 49723 | D:20     | Bought the amulet "Larhauk" {Inacc rElec MR Dex+2 Int+3 Stlth++} for 766 gold pieces
 49815 | D:20     | Found Xujates' Armour Shoppe.
 49879 | D:20     | Bought the cursed +0 pair of gloves of the Kangaroo {rF+ Dex-1 Stlth++} for 138 gold pieces
 49944 | D:20     | Found a shimmering altar of Xom.
 50160 | D:20     | Got a pitted amber ring
 50256 | D:21     | Identified the ring of Nucw (You found it on level 20 of the Dungeon)
 50385 | D:21     | Found a labyrinth entrance.
 50456 | Lab      | Entered a Labyrinth
 50720 | Lab      | Got a crystal amulet
 50721 | Lab      | Got a rusty dagger
 50722 | Lab      | Identified the dagger "Morg" {pain, MR Int+5} (You found it in a Labyrinth)
 50768 | D:22     | Found a one-way gate leading to the halls of Pandemonium.
 50775 | D:22     | Noticed Frederick
 50792 | D:22     | Defeated Frederick
 51345 | D:23     | Noticed a deep elf conjurer
 51510 | D:24     | Identified the amulet of Cekugob (You found it in a Labyrinth)
 51542 | D:25     | Entered Level 25 of the Dungeon
 51885 | D:25     | Reached XP level 19. HP: 69/132 MP: 31/31
 52471 | Vault:1  | Entered Level 1 of the Vaults
 52746 | Vault:1  | Found Fetaerr's Magic Scroll Shoppe.
 53439 | Vault:2  | Found a staircase to the Crypt.
 53455 | Crypt:1  | Entered Level 1 of the Crypt
 53468 | Crypt:1  | Reached skill 16 in Necromancy
 54723 | Crypt:5  | Entered Level 5 of the Crypt
 55340 | Crypt:5  | Noticed a lich
 55442 | Crypt:5  | Noticed a lich
 55444 | Crypt:5  | Defeated a lich
 55457 | Crypt:5  | Found an ancient bone altar of Kikubaaqudgha.
 55459 | Crypt:5  | Noticed an ancient lich
 55461 | Crypt:5  | Defeated an ancient lich
 55776 | Crypt:5  | Defeated a lich
 55881 | Crypt:4  | Noticed Wayne
 55904 | Crypt:4  | Defeated Wayne
 56418 | Crypt:2  | Reached skill 17 in Necromancy
 56941 | Vault:2  | weird
 57239 | Vault:3  | Identified a +2 cloak of preservation (You found it on level 3 of the Vaults)
 57239 | Vault:3  | yay
 57335 | Vault:3  | Reached XP level 20. HP: 102/139 MP: 32/32
 57683 | Vault:4  | Noticed Duane
 57699 | Vault:4  | Defeated Duane
 57940 | Vault:5  | Found Brutsismo's Food Shoppe.
 58499 | Vault:7  | Noticed a deep elf death mage
 58700 | Vault:7  | Noticed a deep elf mage
 58700 | Vault:7  | Noticed a deep elf conjurer
 58702 | Vault:7  | Noticed a deep elf annihilator
 58709 | Vault:7  | Defeated a deep elf death mage
 58711 | Vault:7  | Defeated a deep elf conjurer
 58714 | Vault:7  | Defeated a deep elf annihilator
 58715 | Vault:7  | Defeated a deep elf mage
 59537 | Vault:6  | Found Muda's Magic Scroll Shop.
 60287 | Orc:3    | Noticed Harold
 60550 | Orc:3    | Defeated Harold
 60555 | Orc:3    | Defeated Nessos
 61060 | Orc:4    | Entered Level 4 of the Orcish Mines
 61123 | Orc:4    | Noticed an orc high priest
 61132 | Orc:4    | Defeated an orc high priest
 61316 | Orc:4    | Noticed Jozef
 61328 | Orc:4    | Defeated Jozef
 61407 | Orc:4    | Found a staircase to the Elven Halls.
 61447 | Orc:4    | Noticed Josephine
 61457 | Orc:4    | Defeated Josephine
 62321 | D:20     | Bought the +1 ice dragon armour "Hofum" {Str+2 Int+4} for 2842 gold pieces
 62413 | D:21     | Noticed Margery
 62415 | D:21     | Found a one-way gate to the infinite horrors of the Abyss.
 62676 | D:20     | Defeated Margery
 63018 | D:19     | Defeated Rupert
 63747 | D:24     | Noticed a deep elf mage
 63749 | D:24     | Reached skill 15 in Dodging
 63753 | D:24     | Defeated a deep elf mage
 64036 | D:27     | Entered Level 27 of the Dungeon
 64125 | D:27     | Gained mutation: You steal the life force of defeated enemies.
 64125 | D:27     | Gained mutation: You can spit moderately strong poison.
 64125 | D:27     | Reached XP level 21. HP: 140/145 MP: 34/34
 64245 | D:27     | Found a flickering gateway to a bazaar. 64254
                  | bazaar
                  | Entered a bazaar 64254
                  | bazaar
                  | Found Feiff's Magic Scroll Emporium. 64254
                  | bazaar
                  | Found Gruafaam's Distillery. 64258
                  | bazaar
                  | Found Gacloggaoli's Assorted Antiques. 64271
                  | bazaar
                  | Found Klyohuv's Book Emporium. 64294
                  | bazaar
                  | Bought a book of Wizardry for 450 gold pieces 64305
                  | bazaar
                  | Learned a level 6 spell: Haste 64306
                  | bazaar
                  | hmm 64316
                  | bazaar
                  | Bought a potion of heal wounds for 39 gold pieces
 64415 | D:27     | Found Troan's Distillery.
 64497 | D:27     | Reached skill 18 in Necromancy
 64623 | D:27     | Found Liojian's Magical Wand Shop.
 66026 | D:25     | Noticed a deep elf conjurer
 66027 | D:25     | Noticed a deep elf conjurer
 66036 | D:25     | Defeated a deep elf conjurer
 66042 | D:25     | Defeated a deep elf conjurer
 66406 | D:23     | heh
 66623 | D:23     | Defeated a deep elf conjurer
 66662 | D:23     | Noticed Mara
 66693 | D:22     | Noticed Boris
 66720 | D:22     | Defeated Boris
 67213 | D:22     | Found Ygumuuwn's Assorted Antiques.
 67245 | D:22     | Bought a smoking silver ring for 165 gold pieces
 67246 | D:22     | Identified the ring of Pnobuph (You bought it in a shop on level 22 of the Dungeon)
 67731 | D:21     | Noticed Frances
 67763 | D:21     | Defeated Frances
 67897 | D:21     | duh
 68410 | Crypt:3  | whoa
 68755 | Crypt:3  | whoops
 69184 | Crypt:3  | Found a glowing golden altar of the Shining One.
 70096 | Crypt:2  | Reached skill 5 in Stabbing
 70132 | Crypt:2  | Gained mutation: You quickly steal the life force of defeated enemies.
 70132 | Crypt:2  | Reached XP level 22. HP: 150/150 MP: 34/34
 70514 | Crypt:2  | Found a staircase to the Tomb.
 70584 | Crypt:2  | Reached skill 10 in Enchantments
 70634 | Tomb:1   | Entered Level 1 of the Tomb of the Ancients
 70955 | Lair:1   | Learned a level 4 spell: Animate Dead
 72666 | Tomb:1   | Reached skill 1 in Unarmed Combat
 73796 | Tomb:2   | Gained mutation: You are frail (-10% HP).
 73971 | Tomb:2   | Reached skill 19 in Necromancy
 74543 | Tomb:1   | seems kind of empty
 75475 | Tomb:1   | Gained mutation: You are completely covered in sharp spines.
 75475 | Tomb:1   | Reached XP level 23. HP: 137/139 MP: 21/36
 76027 | Tomb:3   | Entered Level 3 of the Tomb of the Ancients
 76917 | Tomb:3   | Reached skill 20 in Necromancy
 77366 | Tomb:3   | Got a crude tin ring
 77415 | Tomb:3   | Got a smoking pewter ring
 77422 | Tomb:3   | Got a droning book
 77450 | Tomb:3   | Identified Jocles' Collected Works on Shifting Clay (You found it on level 3 of the Tomb of the Ancients)
 77814 | Tomb:3   | Learned a level 4 spell: Control Teleport
 77816 | Tomb:3   | Learned a level 1 spell: Apportation
 77875 | Tomb:3   | Gained mutation: Armour fits poorly on your unusually shaped body.
 78149 | Tomb:3   | Reached skill 10 in Spellcasting
 78184 | Tomb:3   | Got a golden rune of Zot
 78293 | Tomb:1   | You are cast into the Abyss!
 78293 | Tomb:1   | Cast into the Abyss (a Zot trap)
 78297 | Abyss    | Gained mutation: You are resistant to magic.
 78328 | Abyss    | Noticed a hell knight
 78328 | Abyss    | Noticed a necromancer
 78329 | Abyss    | Noticed a hell knight
 78341 | Abyss    | Gained mutation: Your vision is a little blurry.
 78352 | Tomb:1   | You pass through the gate.
 78420 | Tomb:1   | Gained mutation: You are dopey (Int -1).
 78645 | D:15     | Identified the ring "Fohuotup" (You found it on level 3 of the Tomb of the Ancients)
 78649 | D:15     | Identified the ring "Veesaef" (You found it on level 3 of the Tomb of the Ancients)
 78739 | D:11     | Lost mutation: Armour fits poorly on your unusually shaped body.
 78739 | D:11     | Lost mutation: Your vision is a little blurry.
 78739 | D:11     | Lost mutation: Your muscles are strong (Str +1).
 78739 | D:11     | Lost mutation: You are frail (-10% HP).
 78739 | D:11     | Lost mutation: You are dopey (Int -1).
 78739 | D:11     | Lost mutation: You digest meat inefficiently.
 78740 | D:11     | wow
 79328 | Zot:1    | Entered Level 1 of the Realm of Zot
 80161 | Zot:3    | Reached skill 1 in Translocations
 80557 | Zot:3    | Reached skill 10 in Armour
 80592 | Zot:5    | Entered Level 5 of the Realm of Zot
 80614 | Zot:5    | bah
 80618 | Zot:5    | yay
 80632 | Zot:5    | can't really do this much worse
 80914 | Zot:5    | Noticed an orb of fire
 80923 | Zot:5    | Noticed an orb of fire
 80925 | Zot:5    | Gained mutation: You are weak (Str -1).
 80926 | Zot:5    | Gained mutation: You occasionally shout uncontrollably.
 80927 | Zot:5    | Gained mutation: You are clumsy (Dex -1).
 80928 | Zot:5    | Gained mutation: Your body is slowly deteriorating.
 80930 | Zot:5    | Gained mutation: You have a fast metabolism.
 80931 | Zot:5    | Got the Orb of Zot
 80932 | Zot:5    | Gained mutation: You are somewhat resistant to further mutation.
 81462 | D:8      | Noticed Ymangoune the pandemonium lord
 81658 | D:$      | Escaped with the Orb!
